Map: 禪 - 天梯版

Players

koo - Winner!

  • Race: Protoss Protoss
  • League: Gold
  • Spawn Location: 1:00

송빵우

  • Race: Terran Terran
  • League: Diamond
  • Spawn Location: 7:00

VOD

Have the link to the VOD?

Description

Time

  • Played on: Dec. 1, 2019, 9:12 p.m.
  • Length: 11:38
Show
View Real Time Build Order
Export as new Build Order

koo Protoss - Winner!

Build Orders: Oracle Opening 

Get SALT Encoding   

  12  0:00  Probe  
  13  0:13  Probe  
  14  0:19  Pylon  
  14  0:25  Probe  
  15  0:37  Probe (Chrono Boost)  
  16  0:49  Probe (Chrono Boost)  
  17  0:50  Assimilator  
  17  0:51  Pylon  
  17  0:56  Probe (Chrono Boost)  
  18  1:10  Probe  
  19  1:11  Gateway  
  19  1:22  Probe  
  20  1:34  Probe  
  21  1:42  Nexus  
  21  1:50  Probe  
  21  1:51  Assimilator  
  22  1:57  Zealot (Chrono Boost)  
  24  2:04  Probe  
  24  2:05  Cybernetics Core  
  25  2:16  Probe  
  25  2:18  Zealot (Chrono Boost)  
  28  2:28  Probe  
  29  2:40  Probe  
  30  2:44  Stalker (Chrono Boost)  
  30  2:50  Pylon  
  30  2:52  Probe  
  30  2:53  Stargate  
  30  2:56  Probe  
  32  3:05  Probe  
  33  3:07  Stalker  
  33  3:08  Probe  
  34  3:17  Probe  
  35  3:20  Probe  
  36  3:29  Probe  
  36  3:32  Probe  
  38  3:35  Oracle (Chrono Boost)  
  38  3:37  Stalker  
  38  3:41  Probe  
  44  3:44  Probe  
  43  3:53  Probe  
  44  3:57  Probe  
  44  3:58  Pylon  
  44  4:00  Assimilator  
  45  4:02  Oracle (Chrono Boost)  
  45  4:04  Assimilator  
  45  4:05  Probe  
  45  4:09  Probe  
  50  4:10  Twilight Council  
  50  4:13  Forge  
  50  4:17  Probe  
  50  4:21  Probe  
  52  4:24  Stalker  
  52  4:29  Probe  
  55  4:33  Probe  
  53  4:40  Pylon  
  53  4:41  Probe  
  53  4:44  Gateway  
  53  4:45  Probe  
  55  4:46  Gateway  
  53  4:53  Protoss Ground Armor Level 1 (Chrono Boost)  
  53  5:00  Charge  
  53  5:06  Gateway x2  
  51  5:09  Warp Gate (Chrono Boost)  
  51  5:11  Gateway  
  51  5:12  Gateway, Pylon  
  51  5:19  Robotics Facility  
  51  5:21  Pylon  
  51  5:27  Gateway  
  48  6:12  Warp Prism (Chrono Boost)  
  50  6:21  Templar Archives  
  50  6:38  Probe  
  51  6:44  Blink  
  51  6:45  Stalker  
  51  6:46  Stalker x2  
  56  6:48  Probe  
  56  6:50  Nexus  
  56  6:53  Pylon  
  57  6:55  Protoss Ground Armor Level 2 (Chrono Boost)  
  57  6:56  Immortal  
  61  7:07  Probe  
  59  7:11  Forge  
  59  7:12  Pylon  
  59  7:13  Psionic Storm  
  59  7:15  Probe  
  58  7:19  Probe  
  59  7:30  Zealot x4  
  59  7:35  Observer  
  68  7:37  Protoss Ground Weapons Level 1 (Chrono Boost)  
  68  7:42  Probe x2  
  70  7:48  High Templar x2  
  74  7:56  Zealot x4  
  82  8:02  Probe x2  
  80  8:13  Probe  
  80  8:14  Probe  
  80  8:19  High Templar x2  
  86  8:20  Immortal  
  86  8:21  Zealot  
  86  8:22  Zealot  
  94  8:38  Probe x3  
  97  8:41  Pylon  
  97  8:43  Assimilator  
  97  8:48  Assimilator  
  97  8:50  Probe x3  
  100  9:03  Pylon  
  100  9:07  Immortal  
  100  9:09  Probe  
  105  9:11  Nexus  
  105  9:18  Zealot x2  
  105  9:19  Zealot x2  
  113  9:40  Zealot x6  
  119  9:58  Zealot  
  107  10:04  High Templar x6  
  115  10:09  Gateway, Immortal  
  115  10:12  Gateway  
  119  10:14  Gateway  
  119  10:20  Photon Cannon  
  119  10:21  Pylon  
  119  10:29  Probe x3  
  119  10:31  Probe  
  123  10:41  Probe x3  
  122  10:52  Probe  
  123  10:58  Zealot x5  
  123  10:59  Zealot x2  
  123  11:02  Probe x3  
  112  11:23  Zealot x4  
  112  11:24  Zealot x6  
  132  11:29  Archon  
  132  11:30  Archon x2  
Show
View Real Time Build Order
Export as new Build Order

송빵우 Terran 

Build Orders: Liberator Opening 

Get SALT Encoding   

  12  0:00  SCV  
  13  0:13  SCV  
  14  0:18  Supply Depot  
  14  0:25  SCV  
  15  0:39  SCV  
  15  0:41  Barracks  
  16  0:46  Refinery  
  16  0:51  SCV  
  17  1:03  SCV  
  18  1:16  SCV  
  19  1:29  SCV  
  19  1:30  Reaper  
  21  1:41  Orbital Command  
  21  1:48  Command Center  
  21  1:57  Supply Depot  
  21  2:02  Barracks Reactor  
  21  2:07  Refinery  
  21  2:08  SCV  
  22  2:20  SCV  
  22  2:30  Factory  
  22  2:37  SCV  
  23  2:48  Marine x2  
  23  2:49  SCV  
  26  2:57  Bunker  
  26  3:01  SCV  
  26  3:14  SCV  
  26  3:19  Factory Tech Lab  
  26  3:20  Starport  
  26  3:26  SCV  
  26  3:34  Marine  
  26  3:35  Marine  
  26  3:38  SCV  
  28  3:45  Orbital Command  
  27  3:50  Liberator, SCV  
  27  3:51  Cyclone  
  30  3:59  Marine x2  
  32  4:02  SCV  
  36  4:10  SCV  
  36  4:15  SCV  
  37  4:27  SCV x2  
  38  4:36  Marine x2, Siege Tank  
  42  4:39  SCV x2  
  44  4:51  SCV x2  
  43  5:03  SCV x2  
  45  5:08  Marine  
  45  5:12  Supply Depot  
  45  5:13  Supply Depot  
  46  5:17  Liberator  
  46  5:21  Engineering Bay  
  46  5:34  Marine, SCV, Siege Tank  
  46  5:35  SCV  
  55  5:46  SCV  
  55  5:47  SCV  
  56  5:52  Missile Turret  
  56  5:55  Missile Turret  
  56  5:58  SCV  
  56  5:59  SCV  
  58  6:07  Marine x2  
  58  6:10  SCV  
  58  6:11  SCV  
  62  6:16  Refinery  
  62  6:17  Refinery  
  62  6:22  Barracks  
  62  6:23  Barracks, Terran Infantry Weapons Level 1  
  62  6:24  Supply Depot  
  62  6:25  Supply Depot  
  62  6:45  Marine x2  
  62  6:46  Starport Reactor, SCV x2, Siege Tank  
  69  6:49  Supply Depot  
  69  6:51  Supply Depot  
  66  6:58  SCV x2  
  68  7:03  Marine x2  
  70  7:10  SCV x2  
  70  7:12  Supply Depot  
  70  7:14  Command Center  
  69  7:15  Supply Depot, Barracks Tech Lab x2  
  69  7:18  Siege Tank  
  69  7:21  Marine x2  
  69  7:22  SCV  
  75  7:28  SCV  
  76  7:30  Medivac x2  
  76  7:34  Combat Shield, Stimpack, SCV  
  76  7:36  Marauder x2  
  85  7:39  Marine x2  
  87  7:49  SCV x2  
  87  7:50  Siege Tank  
  92  7:57  Marauder x2, Marine x2  
  93  8:18  Terran Infantry Armor Level 1  
  93  8:34  Marine x2, Siege Tank  
  96  8:35  Marauder x2  
  96  8:36  Medivac x2  
  106  8:48  Missile Turret x2  
  106  8:56  SCV  
  106  8:57  SCV  
  106  9:01  Orbital Command  
  108  9:08  SCV  
  108  9:09  SCV  
  110  9:23  Marine x2  
  110  9:24  Marauder x2, Concussive Shells  
  116  9:25  Siege Tank  
  116  9:26  Medivac x2  
  122  9:33  Barracks x2  
  122  9:37  SCV x2  
  122  9:40  Missile Turret  
  122  9:48  Marine x2  
  122  9:52  Marauder x2  
  83  10:08  SCV x3  
  83  10:09  Marine x2  
  83  10:11  Medivac x2  
  83  10:13  Marauder x2  
  96  10:18  Siege Tank  
  96  10:20  SCV x2  
  101  10:25  Refinery  
  101  10:26  Barracks Tech Lab  
  101  10:27  Refinery, Barracks Reactor  
  101  10:30  Ghost Academy  
  101  10:32  Supply Depot  
  101  10:34  Supply Depot  
  101  10:37  Engineering Bay  
  101  10:40  Armory  
  101  11:01  Marine x2  
  101  11:02  Marauder x2  
  101  11:03  Siege Tank  
  114  11:05  Marauder, Marine x2  
Tags
 
Add a new tag
Caveats
  • Supply blocks, unpowered buildings, or Contaminate may cause inaccurate times.
  • Supply counts are checked every 10 seconds.